 Dungeon Crawl Stone Soup version 0.31-a0-880-g9a209b2425 (webtiles) character file.

Game seed: 17922266409819350001

6016 JackS81 the Grappler (level 11, 0/86 HPs)
             Began as a Meteoran Shapeshifter on Oct 15, 2023.
             Was a Priest of Okawaru.
             Killed from afar by an electric eel (9 damage)
             ... with a bolt of electricity
             ... on level 9 of the Dungeon.
             The game lasted 00:45:51 (4918 turns).

JackS81 the Grappler (Meteoran Shapeshifter)        Turns: 4918, Time: 00:45:52

Health: 0/86       AC:  9    Str: 24    XL:     11   Next: 32%
Magic:  16/16      EV: 16    Int: 12    God:    Okawaru [***...]
Gold:   284        SH:  0    Dex: 19    Spells: 10/10 levels left

rFire   . .          .
                       - Unarmed
rCold   . . .        (shield currently unavailable)
rNeg    . . .        q - +0 steam dragon scales
rPois   .            (no helmet)
rElec   .            (no cloak)
rCorr   .            w - +2 pair of gloves {Dex+3}
SInv    .            A - +0 pair of boots
Will    ++...        I - amulet of faith
Stlth   +            D - +6 ring of strength
HPRegen 0.34/turn    (no ring)
MPRegen 0.15/turn

%: faith
@: flux-form, enlightened, flying, glowing
A: glow, contaminating, sense surroundings 2, otherworldly, glowing, explore
regen
a: Begin Untransformation, Renounce Religion, Heroism


You were on level 9 of the Dungeon.
You worshipped Okawaru.
Okawaru was most pleased with you.
You were something dangerously unstable.
You visited 2 branches of the dungeon, and saw 10 of its levels.

You collected 284 gold pieces.

Inventory:

Hand Weapons
 e - a +2 sling of flaming
 u - a +3 long sword of holy wrath
 C - a +0 whip of electrocution
 H - a +5 flail of freezing
 P - a +2 short sword of venom
 S - a +3 heavy mace
Missiles
 k - 4 throwing nets
 J - 28 poisoned darts
 N - 2 darts of dispersal
Armour
 a - a +0 animal skin
 q - +0 steam dragon scales (worn)
 w - a +2 pair of gloves of dexterity (worn)
 A - a +0 pair of boots (worn)
 F - +0 steam dragon scales
 U - a +0 plate armour
Magical Staves
 y - a staff of fire
Jewellery
 D - a +6 ring of strength (left hand)
 I - an amulet of faith (around neck)
Talismans
 c - a beast talisman
 d - a flux talisman (active)
 j - a blade talisman
Wands
 i - a wand of iceblast (5)
 s - a wand of flame (23)
 v - a wand of paralysis (22)
 T - a wand of digging (1)
Scrolls
 g - 3 scrolls of teleportation
 h - 2 scrolls of fear
 l - 2 scrolls of vulnerability {unknown}
 p - 2 scrolls of poison {unknown}
 r - 3 scrolls of revelation {unknown}
 z - 2 scrolls of fog {unknown}
 G - a scroll of immolation {unknown}
 K - a scroll of acquirement {unknown}
 M - a scroll of enchant armour {unknown}
 O - a scroll of enchant weapon {unknown}
 Q - a scroll of blinking {unknown}
 V - a scroll of identify
Potions
 b - a potion of lignification
 f - a potion of magic
 m - 2 potions of heal wounds
 n - 2 potions of berserk rage
 o - 2 potions of curing
 t - 2 potions of haste {unknown}
 x - 4 potions of cancellation
 B - a potion of might {unknown}
 E - a potion of resistance {unknown}
 L - 2 potions of enlightenment
 R - 2 potions of attraction {unknown}


   Skills:
 * Level 5.0 Fighting
 - Level 3.1 Ranged Weapons
 + Level 6.2 Dodging
 + Level 11.8 Unarmed Combat
 * Level 5.8 Invocations
 - Level 3.3 Evocations
 * Level 10.3 Shapeshifting


You had 10 spell levels left.
You didn't know any spells.
Your spell library contained the following spells:

 Spells                   Type           Power      Damage    Failure   Level
 Magic Dart               Conj           0%         1d3       32%         1
 Cigotuvi's Dreadful Rot  Necr/Pois/Air  0%         N/A       45%         2
 Poisonous Vapours        Pois/Air       0%         N/A       45%         2
 Searing Ray              Conj           0%         2d4       45%         2
 Mephitic Cloud           Conj/Pois/Air  0%         N/A       69%         3
 Dispel Undead            Necr           0%         3d6       97%         4
 Fulminant Prism          Conj/Hex       0%         3d5       97%         4
 Vhi's Electric Charge    Tloc/Air       0%         N/A       97%         4
 Arcjolt                  Conj/Air       0%         1d10      100%        5
 Freezing Cloud           Conj/Ice/Air   0%         6-21      100%        5
 Plasma Beam              Fire/Air       0%         2x1d10    100%        6
 Death Channel            Necr           Unusable   N/A       N/A         6

Dungeon Overview and Level Annotations

Branches:
Dungeon (9/15) Zot: 571    Temple (1/1) D:7 Zot: 530
   Lair: D:8-11         Orc: D:9-12

Altars:
Ashenzari
Cheibriados
Dithmenos
Elyvilon
Fedhas
Gozag
Hepliaklqana
Kikubaaqudgha
Makhleb
Nemelex Xobeh
Okawaru
Qazlal
Ru
Sif Muna
Trog
Uskayaw
Vehumet
Wu Jian
Xom
Yredelemnul
Zin
The Shining One

Annotations:
D:3 3 runed translucent doors, Kelnin's ghost, amateur GnGl
D:5 2 transporters, BinkBink's ghost, novice FoFi
D:6 3 runed translucent doors, Beaer's ghost, novice OpFi; EnjSadman's ghost, novice MiFi; Heedrag's ghost, novice DsSh; Talonman3's ghost, novice KoNe
D:9 1 transporter, exclusion: ice statue


Innate Abilities, Weirdness & Mutations

You are something dangerously unstable.
You glow with magical radiation, making you easy to see and hit.
Foes you strike become dangerously contaminated with magical radiation.
You are incapable of wielding weapons or throwing items.
You passively map the area around you.
You are easily found by Zot.
You glow in the dark.
You regain HP and MP as you explore.


Message History

The orc throws a stone.
The stone barely misses you.
The orc throws a stone.
The stone barely misses you. The orc misses you.
You punch the orc!
You kill the orc!
Okawaru accepts your kill.
Things that are here:
a +0 war axe; 7 stones; a +0 scale mail The electric eel shoots out a bolt of lightning at you!
The bolt of electricity misses you.
The electric eel shoots out a bolt of lightning at you!
The bolt of electricity hits you!
The electric eel shoots out a bolt of lightning at you!
The bolt of electricity hits you!
The electric eel shoots out a bolt of lightning at you!
The bolt of electricity hits you. x2
The electric eel shoots out a bolt of lightning at you!
The bolt of electricity hits you!
You feel very buoyant.
You fly up into the air.
The electric eel shoots out a bolt of lightning at you!
The bolt of electricity misses you.
You completely miss the electric eel.
The electric eel shoots out a bolt of lightning at you!
The bolt of electricity hits you! x2
The electric eel shoots out a bolt of lightning at you!
The bolt of electricity hits the electric eel.
The electric eel completely resists.
The bolt of electricity hits you.
* * * LOW HITPOINT WARNING * * *
You punch the electric eel!
The electric eel begins to glow.
The electric eel is almost dead.
The electric eel shoots out a bolt of lightning at you!
The bolt of electricity hits you!
* * * LOW HITPOINT WARNING * * *
The bolt of electricity hits you!
* * * LOW HITPOINT WARNING * * *
The electric eel shoots out a bolt of lightning at you!
The bolt of electricity hits the electric eel.
The electric eel completely resists.
The bolt of electricity hits you!
You die...

***, , *≈S≈≈###...## , ,,
* ,, ~≈≈≈≈≈......# * * ,
.~≈≈≈≈≈....#.# , , #.
≈≈≈≈###....# , .. ,,
#≈≈#...#...##### ~ #. ⌠
#≈≈#.⌠.#...##... ~ ~~
#.#, .#S≈#...#........
***** *
#..###S..~###...###>.. *
* * , #....p..........#
#### , , *
#...............#
#.....>.##.#.#### ,
*####.#.............#
........#..#..#.##.######
**
####.#........#.##)......
#.#.##..)....##.##.#.. #
#.###.#.#####.##.#..
......#.#####)##....


You could see 2 electric eels.

Vanquished Creatures
  A gargoyle (D:8)
  A troll (D:8)
  9 yaks
  2 steam dragons (D:8)
  A water moccasin (D:7)
  An acid dragon (D:8)
  2 sky beasts (D:7)
  2 orc warriors (D:8)
  4 black bears
  An ogre (D:7)
  5 centaurs
  2 phantoms
  2 kobold brigands
  3 bullfrogs (D:8)
  Blork the orc (D:4)
  2 gnoll sergeants
  3 scorpions
  12 wights
  3 howler monkeys (D:9)
  5 hounds
  A jelly (D:6)
  9 orc priests
  2 iguanas
  3 orc wizards
  10 adders
  13 gnolls
  2 shadow imps
  2 white imps (D:7)
  2 ufetubi (D:7)
  A worm (D:3)
  6 dart slugs
  18 orcs
  3 bats
  7 endoplasms
  8 hobgoblins
  8 jackals (D:1)
  4 quokkas
  6 ball pythons
  2 frilled lizards
  5 goblins
  15 kobolds
  3 rats
192 creatures vanquished.

Notes
Turn   | Place    | Note
-------+----------+-------------------------------------------
     0 | D:1      | JackS81 the Meteoran Shapeshifter began the quest for the
                  | Orb.
     0 | D:1      | Reached XP level 1. HP: 16/16 MP: 2/2
    99 | D:1      | Reached XP level 2. HP: 19/23 MP: 3/3
   212 | D:1      | Reached skill level 4 in Unarmed Combat
   212 | D:1      | Reached XP level 3. HP: 24/28 MP: 4/4
   458 | D:2      | Reached XP level 4. HP: 32/35 MP: 5/5
   539 | D:2      | Reached skill level 1 in Ranged Weapons
   662 | D:2      | Reached XP level 5. HP: 14/40 MP: 6/6
  1197 | D:3      | Found a runed translucent gate.
  1197 | D:3      | Found a runed translucent gate.
  1198 | D:3      | Found a runed translucent gate.
  1200 | D:3      | Noticed Kelnin's ghost (amateur GnGl)
  1220 | D:3      | Found an ancient bone altar of Kikubaaqudgha.
  1232 | D:3      | Reached skill level 1 in Evocations
  1232 | D:3      | Reached skill level 5 in Shapeshifting
  1232 | D:3      | Reached XP level 6. HP: 45/47 MP: 7/7
  1568 | D:4      | Noticed Blork the orc
  1571 | D:4      | Killed Blork the orc
  1576 | D:4      | Reached XP level 7. HP: 52/52 MP: 8/8
  1884 | D:5      | Entered Level 5 of the Dungeon
  1902 | D:5      | Found a transporter.
  1997 | D:5      | Reached skill level 5 in Unarmed Combat
  2050 | D:5      | Found a transporter.
  2054 | D:5      | Noticed BinkBink's ghost (novice FoFi)
  2334 | D:5      | Reached XP level 8. HP: 49/59 MP: 9/9
  2582 | D:6      | Reached skill level 6 in Unarmed Combat
  2791 | D:6      | Reached skill level 7 in Unarmed Combat
  2886 | D:6      | Gained mutation: You passively map the area around you.
                  | [Meteoran growth]
  2886 | D:6      | Reached XP level 9. HP: 48/64 MP: 10/10
  2916 | D:6      | Found a runed translucent gate.
  2917 | D:6      | Found a runed translucent gate.
  2918 | D:6      | Found a runed translucent gate.
  2920 | D:6      | Noticed Beaer's ghost (novice OpFi)
  2920 | D:6      | Noticed EnjSadman's ghost (novice MiFi)
  2920 | D:6      | Noticed Heedrag's ghost (novice DsSh)
  2920 | D:6      | Noticed Talonman3's ghost (novice KoNe)
  3111 | D:7      | Found a staircase to the Ecumenical Temple.
  3117 | Temple   | Entered the Ecumenical Temple
  3152 | Temple   | Became a worshipper of Warmaster Okawaru
  3243 | D:7      | Reached skill level 8 in Unarmed Combat
  3314 | D:7      | Reached skill level 1 in Invocations
  3532 | D:7      | Reached * piety under Okawaru
  3678 | D:7      | Reached skill level 9 in Unarmed Combat
  3739 | D:7      | Reached XP level 10. HP: 48/74 MP: 12/12
  3913 | D:8      | Reached skill level 5 in Dodging
  4115 | D:8      | Reached skill level 10 in Unarmed Combat
  4130 | D:8      | Noticed a gargoyle
  4137 | D:8      | Killed a gargoyle
  4180 | D:8      | Reached ** piety under Okawaru
  4277 | D:8      | Reached skill level 11 in Unarmed Combat
  4277 | D:8      | Reached skill level 10 in Shapeshifting
  4282 | D:8      | Reached XP level 11. HP: 35/85 MP: 15/15
  4286 | D:8      | Reached skill level 5 in Invocations
  4312 | D:8      | Reached *** piety under Okawaru
  4535 | D:9      | Noticed a great orb of eyes
  4536 | D:9      | Noticed a sun demon
  4549 | D:9      | Noticed a rakshasa
  4582 | D:9      | Found a transporter.
  4771 | D:9      | Reached skill level 5 in Fighting
  4856 | D:9      | Noticed an ice statue
  4918 | D:9      | Killed from afar by an electric eel

Illustrated notes

Levels and vault maps discovered:
D:1:      nzn_arrival_water_spiral, layout_basic
D:2:      layout_basic, minmay_misc_feat_secret_circle, kennysheep_boxes
D:3:      layout_loops_ring, mainiacjoe_overflow_catwalk,
          ebering_ghost_rock_garden, st_stairs_1, grunt_decor_fettered,
          eino_tiny_chamber
D:4:      layout_rooms, uniq_blork_the_orc
D:5:      layout_loops_ring, gammafunk_ghost_mausoleum,
          kennysheep_opposing_triangles
D:6:      layout_loops_ring, gammafunk_ghost_cemetery, item_on_display_a
D:7:      layout_basic, minmay_temple_entry_hall, nicolae_nh_ransacked_shop
D:8:      layout_cave_pools, kennysheep_dice
D:9:      layout_loops_cross, gammafunk_ghost_abyssal_escape, fountainhead,
          minivault_16, kennysheep_nub
Temple:   mainiacjoe_temple_trianglar_array

Skill      XL: |  1  2  3  4  5  6  7  8  9 10 11 |
---------------+----------------------------------+-----
Shapeshifting  | 4 5 6 7 9 10 | 10.3
Unarmed Combat | 4 5 7 9 11 | 11.8
Ranged Weapons | 2 3 |  3.1
Evocations     | 1 2 3 |  3.3
Dodging        | 4 5 6 |  6.2
Invocations    | 2 4 5 |  5.8
Fighting       | 2 4 5 |  5.0

Action                     |  1- 3 |  4- 6 |  7- 9 | 10-12 || total
---------------------------+-------+-------+-------+-------++-------
  Melee: Unarmed           |    26 |     9 |   204 |   225 ||   464
         Punch             |       |     2 |       |     1 ||     3
   Fire: Sling             |    39 |    93 |    27 |     3 ||   162
 Invoke: Heroism           |       |       |       |     5 ||     5
  Evoke: Wand              |       |     2 |     1 |       ||     3
    Use: Scroll            |       |     4 |     3 |     3 ||    10
         Potion            |       |       |     1 |     3 ||     4
   Stab: Paralysed         |       |       |     5 |       ||     5
 Armour: Animal skin       |    19 |    36 |       |       ||    55
         Steam dragon scal |       |     5 |   132 |   132 ||   269
         Skin              |       |       |       |    36 ||    36
  Dodge: Dodged            |    32 |    34 |   158 |   150 ||   374
   Form: Flux              |       |       |     2 |       ||     2
         Beast             |       |       |     1 |       ||     1

Table legend: (Time is in decaauts)
 A = Elapsed time spent in this place.
 B = Non-inter-level travel time spent in this place.
 C = Inter-level travel time spent in this place.
 D = Time resting spent in this place.
 E = Time spent auto-exploring this place.
 F = Levels seen in this place.
 G = Mean time per level.
                   A        B        C        D        E       F      G
               +--------+--------+--------+--------+--------+-----+--------+
         Total |   4897 |   4591 |    306 |    139 |    317 |  10 |  489.7 |
       Dungeon |   4827 |   4588 |    239 |    139 |    317 |   9 |  536.3 |
        Temple |     69 |      2 |     67 |      0 |      0 |   1 |   69.0 |
               +--------+--------+--------+--------+--------+-----+--------+

Top non-repeatable levels by time:
     D:7: 769 daAuts
     D:5: 617 daAuts
     D:8: 568 daAuts
     D:2: 540 daAuts
     D:6: 513 daAuts
     D:3: 477 daAuts
     D:4: 460 daAuts
     D:1: 458 daAuts
     D:9: 422 daAuts
  Temple: 69 daAuts
